 Dungeon Crawl Stone Soup version 0.27-a0-1565-gad902ab807 (webtiles) character file.

Game seed: 7253861586141643827

7 gimp the Conjurer (level 2, -1/18 HPs)
             Began as a Formicid Wanderer on July 16, 2021.
             Slain by a hobgoblin (4 damage)
             ... on level 2 of the Dungeon.
             The game lasted 00:01:07 (809 turns).

gimp the Conjurer (Formicid Wanderer)                Turns: 809, Time: 00:01:08

Health: -1/18      AC:  2    Str: 16    XL:     2   Next: 10%
Magic:  3/3        EV: 11    Int: 12    God:
Gold:   7          SH:  0    Dex:  9    Spells: 3/3 levels left

rFire    . . .     SeeInvis +   f - +0 dagger
rCold    . . .     Faith    .   (no shield)
rNeg     . . .     Spirit   .   c - +0 robe
rPois    .         Reflect  .   (helmet unavailable)
rElec    .         Harm     .   (no cloak)
rCorr    .         Rampage  .   (no gloves)
Will     .....                  (no boots)
Stlth    +.........             (no amulet)
HPRegen  0.06/turn              (no ring)
MPRegen  0.08/turn              (no ring)

@: no status effects
A: permanent stasis, dig shafts and tunnels, antennae 3, four strong arms,
deterioration 1, frail 1, mutation resistance 1
a: Dig, Shaft Self


You were on level 2 of the Dungeon.
You visited 1 branch of the dungeon, and saw 2 of its levels.

You collected 7 gold pieces.

Inventory:

Hand Weapons
 a - a +0 club
 f - a +0 dagger (weapon)
Armour
 c - a +0 robe (worn)
Scrolls
 b - a scroll of fear


   Skills:
 + Level 1.4 Fighting
 * Level 1.0 Axes
 - Level 1.0 Throwing
 + Level 0.6 Armour
 - Level 1.0 Dodging
 - Level 1.2 Shields
 - Level 1.0 Unarmed Combat
 - Level 1.1 Spellcasting
 - Level 3.6 Conjurations


You had 3 spell levels left.
You didn't know any spells.
Your spell library contained the following spells:

 Spells                   Type           Power      Damage    Failure   Level
 Freeze                   Ice            0%         1d3       30%         1
 Sting                    Tmut/Pois      0%         1d3       30%         1
 Frozen Ramparts          Ice            0%         1d2       65%         3
 Ignite Poison            Fire/Tmut/Pois 0%         N/A       65%         3


Dungeon Overview and Level Annotations

Branches:
Dungeon (1/15)

Altars:


Innate Abilities, Weirdness & Mutations

You cannot be hasted, slowed, berserked, paralysed or teleported.
You can dig through walls and to a lower floor.
You have a pair of large antennae on your head. (SInv)
Your four strong arms can wield two-handed weapons with a shield.
Your body sometimes deteriorates upon taking damage.
You are frail. (-10% HP)
You are somewhat resistant to further mutation.


Message History

You hit the kobold but do no damage. The kobold barely misses you.
You hit the kobold but do no damage. The kobold closely misses you.
You hit the kobold but do no damage. The kobold misses you.
You hit the kobold.
The kobold is severely wounded.
The kobold barely misses you.
You closely miss the kobold.
The kobold is severely wounded.
The kobold hits you with a +0 short sword.
You take 3 damage, and have 15/18 hp.
You barely miss the kobold.
The kobold is severely wounded.
The kobold hits you with a +0 short sword.
You take 4 damage, and have 11/18 hp.
MASSIVE DAMAGE!!
You closely miss the kobold.
The kobold is severely wounded.
The kobold hits you but does no damage.
You hit the kobold but do no damage.
The kobold is severely wounded.
The kobold hits you with a +0 short sword.
You take 2 damage, and have 9/18 hp.
You are too injured to fight recklessly!
You are too injured to fight recklessly!
You are too injured to fight recklessly!
You hit the kobold.
You kill the kobold!
Your Axes skill increases to level 1!
You closely miss the hobgoblin. The hobgoblin barely misses you.
You barely miss the hobgoblin. The hobgoblin hits you.
* * * LOW HITPOINT WARNING * * *
You take 4 damage, and have 5/18 hp.
MASSIVE DAMAGE!!
You hit the hobgoblin.
The hobgoblin is heavily wounded.
The hobgoblin hits you.
* * * LOW HITPOINT WARNING * * *
You take 2 damage, and have 3/18 hp.
You hit the hobgoblin but do no damage.
The hobgoblin is heavily wounded.
The hobgoblin hits you.
You die...

..........#†##
.............###
. #..#.#.......#
.. #............#
#. #..#.#.......#
#..#..#.........#
...............#
#.#.g##.####.###
#....@.........#
#######.#..#.#)#
#.#..#.#.####
#.............
##...#.#.#####
#......#.#
##.......#
##.###### ###


You could see a hobgoblin.

Vanquished Creatures
  A giant cockroach (D:2)
  A goblin (D:2)
  2 hobgoblins (D:1)
  A kobold (D:2)
  A rat (D:1)
6 creatures vanquished.

Notes
Turn   | Place    | Note
-------+----------+-------------------------------------------
     0 | D:1      | gimp the Formicid Wanderer began the quest for the Orb.
     0 | D:1      | gimp set off with the following items: a +0 club, a scroll
                  | of fear, a +0 robe, a potion of heal wounds; and the
                  | following spells available to memorise: Freeze, Sting,
                  | Frozen Ramparts, Ignite Poison
     0 | D:1      | Reached XP level 1. HP: 15/15 MP: 2/2
   436 | D:1      | You fall into a shaft and drop 1 floor!
   463 | D:2      | Gained mutation: You are frail. (-10% HP) [potion of
                  | mutation]
   463 | D:2      | Gained mutation: Your body sometimes deteriorates upon
                  | taking damage. [potion of mutation]
   463 | D:2      | Gained mutation: You are somewhat resistant to further
                  | mutation. [potion of mutation]
   570 | D:2      | Reached XP level 2. HP: 5/18 MP: 3/3
   806 | D:2      | Reached skill level 1 in Axes
   809 | D:2      | Slain by a hobgoblin

Illustrated notes

Levels and vault maps discovered:
D:1:      giann_forest_graveyard, layout_loops_ring, solitary_fountain,
          due_unseen_surprise
D:2:      layout_loops_cross

Skill      XL: |  1  2 |
---------------+-------+-----
Axes           | 1 |  1.0
Fighting       | |  1.4
Throwing       | |  1.0
Armour         | |  0.6
Dodging        | |  1.0
Shields        | |  1.2
Unarmed Combat | |  1.0
Spellcasting   | |  1.1
Conjurations   | |  3.6

Action                   || total
-------------------------++-------
Melee: Dagger            ||    37
       Club              ||    23
 Abil: Dig               ||     1
       Shaft Self        ||     1
  Use: Potion            ||     2
Armor: Robe              ||    13
Dodge: Dodged            ||    42

Table legend: (Time is in decaauts)
 A = Elapsed time spent in this place.
 B = Non-inter-level travel time spent in this place.
 C = Inter-level travel time spent in this place.
 D = Time resting spent in this place.
 E = Time spent auto-exploring this place.
 F = Levels seen in this place.
 G = Mean time per level.
                   A        B        C        D        E       F      G
               +--------+--------+--------+--------+--------+-----+--------+
         Total |    815 |    815 |      0 |     22 |    673 |   2 |  407.5 |
       Dungeon |    815 |    815 |      0 |     22 |    673 |   2 |  407.5 |
               +--------+--------+--------+--------+--------+-----+--------+

Top non-repeatable levels by time:
     D:1: 442 daAuts
     D:2: 372 daAuts
